 Dungeon Crawl Stone Soup version 0.24.0-3-g28a8eb0610 (webtiles) character file.

Game seed: 14315546506820393460, levelgen mode: deterministic

197 Mrkan the Skirmisher (level 5, -8/59 HPs)
             Began as an Ogre Berserker on Nov 1, 2019.
             Was a Believer of Trog.
             Killed by divine providence
             ... invoked by an orc priest
              (11 damage)
             ... on level 4 of the Dungeon.
             The game lasted 00:02:58 (2669 turns).

Mrkan the Skirmisher (Ogre Berserker)               Turns: 2669, Time: 00:02:58

Health: -8/59      AC:  3    Str: 21    XL:     5   Next: 75%
Magic:  5/5        EV: 10    Int:  8    God:    Trog [**....]
Gold:   99         SH:  0    Dex:  9    Spells: 4/4 levels left

rFire    . . .     SeeInvis .   a - +0 mace
rCold    . . .     Gourm    .   (no shield)
rNeg     . . .     Faith    .   b - +0 animal skin
rPois    .         Spirit   .   (helmet restricted)
rElec    .         Reflect  .   (no cloak)
rCorr    .         Harm     .   (gloves unavailable)
MR       .....                  (boots unavailable)
Stlth    +.........             (no amulet)
HPRegen  0.19/turn              (no ring)
MPRegen  0.09/turn              (no ring)

@: berserk cooldown, slowed, very slow
A: large, unfitting armour, tough skin 1
a: Berserk, Trog's Hand, Renounce Religion


You were on level 4 of the Dungeon.
You worshipped Trog.
Trog was pleased with you.
You were hungry.

You visited 1 branch of the dungeon, and saw 4 of its levels.

You collected 99 gold pieces.

Inventory:

Hand Weapons
 a - a +0 mace (weapon)
Armour
 b - a +0 animal skin (worn)
Jewellery
 l - a cursed amulet of inaccuracy {unknown}
 m - an uncursed ring of protection from fire {unknown}
Scrolls
 d - 5 scrolls of identify {unknown}
 e - a scroll of immolation {unknown}
 g - a scroll of magic mapping {unknown}
 i - 3 scrolls of blinking {unknown}
 k - 3 scrolls of amnesia {unknown}
 o - a scroll of noise {unknown}
 r - a scroll of teleportation {unknown}
Potions
 f - a potion of resistance {unknown}
 h - a potion of berserk rage {unknown}
 j - 3 potions of degeneration {unknown}
 n - a potion of agility {unknown}
 p - a potion of lignification {unknown}
 q - a potion of heal wounds {unknown}
Comestibles
 c - 9 rations
 s - 8 chunks of flesh


   Skills:
 + Level 5.6 Fighting
 * Level 4.9 Maces & Flails
 - Level 2.6 Dodging


You had 4 spell levels left.
You didn't know any spells.
Your spell library was empty.

Dungeon Overview and Level Annotations

Branches:
Dungeon (4/15)
 Temple: D:4-7

Altars:
Gozag
Ru
The Shining One


Innate Abilities, Weirdness & Mutations

You are too large for most types of armour.
You have tough skin. (AC +1)


Message History

You hit the orc wizard.
The orc wizard is moderately wounded.
The orc wizard hits you but does no damage.
You sock the orc wizard!
The orc wizard is severely wounded.
The orc wizard gestures at you while chanting.
The magic dart hits you!
* * * LOW HITPOINT WARNING * * *
The orc priest invokes the aid of Beogh against you.
Beogh smites you!
* * * LOW HITPOINT WARNING * * *
The orc wizard closely misses you.
You are no longer berserk.
You are exhausted.
You feel yourself slow down.
There is a stone staircase leading up, spattered with blood here.
The orc wizard barely misses you. The orc wizard completely misses you.
The orc priest calls down the wrath of Beogh upon you.
Beogh smites you!
You die...

#####.#...
.$.......#
##
.........
#.#
#......?...
#.....#.#
#......#
#o# #o# #@#
#.# #..
####


You could see an orc priest and an orc wizard.

Vanquished Creatures
  An ogre (D:4)
  Robin (D:3)
  A gnoll (D:2)
  2 adders
  An ooze (D:2)
  3 dart slugs (D:1)
  6 leopard geckos
  3 orcs
  7 bats
  2 giant cockroaches (D:3)
  4 goblins (D:3)
  8 hobgoblins
  2 jackals (D:2)
  2 quokkas (D:2)
  4 frilled lizards
  6 kobolds
  6 rats
59 creatures vanquished.

Notes
Turn   | Place    | Note
-------+----------+-------------------------------------------
     0 | D:1      | Mrkan the Ogre Berserker began the quest for the Orb.
     0 | D:1      | Reached XP level 1. HP: 24/24 MP: 1/1
   280 | D:1      | Reached XP level 2. HP: 25/32 MP: 2/2
   723 | D:2      | Reached XP level 3. HP: 23/40 MP: 3/3
   862 | D:2      | Reached ** piety under Trog
  1312 | D:2      | Found an opulent altar of Gozag.
  1328 | D:2      | Reached XP level 4. HP: 22/49 MP: 4/4
  1689 | D:2      | Found a glowing golden altar of the Shining One.
  1992 | D:3      | Reached skill level 5 in Fighting
  2072 | D:3      | Found a sacrificial altar of Ru.
  2466 | D:3      | Noticed Robin
  2476 | D:3      | Killed Robin
  2652 | D:4      | Noticed an ogre
  2663 | D:4      | Killed an ogre
  2663 | D:4      | Reached XP level 5. HP: 28/59 MP: 5/5
  2669 | D:4      | Killed from afar by an orc priest

Levels and vault maps discovered:
D:1:      dpeg_arrival_three_smaller_balls, layout_loops_ring
D:2:      layout_basic, lemuel_coloured_pillars_altar,
          overflow_temple_1_default, first_ration, minmay_split_cup_small
D:3:      layout_loops_ring, nicolae_ru_sacrificial_ziggurat, uniq_robin
D:4:      layout_loops_ring, grunt_dithmenos_smoke_and_mirrors,
          minmay_temple_entry_mist, minmay_ogre_servants

Skill      XL: |  1  2  3  4 |
---------------+-------------+-----
Maces & Flails | 3 4 |  4.9
Fighting       | 5 |  5.6
Dodging        | |  2.6

Action                   |  1- 3 |  4- 6 || total
-------------------------+-------+-------++-------
Melee: Mace              |   124 |    71 ||   195
Invok: Berserk           |     1 |     3 ||     4
  Eat: Chunk             |     2 |     7 ||     9
Armor: Animal skin       |    56 |    14 ||    70
Dodge: Dodged            |    87 |    42 ||   129
